 Dungeon Crawl Stone Soup version 0.26.1-11-gd32895ea62 (webtiles) character file.

Game seed: 1368949528272895802

3126 Tirrikindir the Carver (level 9, 0/91 HPs)
             Began as an Octopode Fighter on May 24, 2021.
             Was an Initiate of Gozag.
             Slain by a gnoll sergeant
             ... wielding a +0 glaive
              (13 damage)
             ... in a bailey.
             The game lasted 00:16:36 (6989 turns).

Tirrikindir the Carver (Octopode Fighter)           Turns: 6989, Time: 00:16:39

Health: 0/91       AC: 11    Str: 17    XL:     9   Next: 92%
Magic:  9/9        EV: 14    Int: 11    God:    Gozag
Gold:   1519       SH: 11    Dex: 12    Spells: 8/8 levels left

rFire    . . .     SeeInvis .   a - +1 long sword
rCold    + . .     Faith    .   b - +1 kite shield
rNeg     . . .     Spirit   .   (helmet restricted)
rPois    .         Reflect  .   (no amulet)
rElec    .         Harm     .   j - +4 ring of protection
rCorr    +         Rampage  .   l - ring of protection from cold
Will     +....                  m - ring of willpower
Stlth    ..........             k - ring of resist corrosion
HPRegen  0.25/turn              q - ring of stealth
MPRegen  0.11/turn              t - +4 ring of protection
                                (no ring)
                                (no ring)

@: berserking, gold aura, very quick
A: almost no armour, stealthy swim, amphibious, 8 rings, constrict 8, molten
scales 1, camouflage 1, gelatinous body 1
a: Renounce Religion, Potion Petition, Call Merchant, Bribe Branch


You were in a bailey.
You worshipped Gozag.
Gozag was most pleased with you.
You visited 2 branches of the dungeon, and saw 8 of its levels.
You also visited: Bailey.

You collected 1590 gold pieces.
You paid 71 gold pieces to Gozag.

Inventory:

Hand Weapons
 a - a +1 long sword (weapon)
 i - a +4 short sword
Missiles
 o - 12 poisoned darts (quivered)
Armour
 b - a +1 kite shield (worn)
Jewellery
 j - a +4 ring of protection (left tentacle)
 k - a ring of resist corrosion (on tentacle)
 l - a ring of protection from cold (right tentacle)
 m - a ring of willpower (on tentacle)
 q - a ring of stealth (on tentacle)
 t - a +4 ring of protection (on tentacle)
Wands
 u - a wand of random effects (8)
Scrolls
 c - a scroll of fog
 r - 2 scrolls of magic mapping
 s - 3 scrolls of teleportation
Potions
 d - a potion of curing
 e - a potion of mutation
 f - 2 potions of haste
 g - a potion of berserk rage
 h - 2 potions of flight
 n - a potion of ambrosia {unknown}
 p - a potion of heal wounds {unknown}


   Skills:
 + Level 5.2 Fighting
 * Level 9.4 Long Blades
 * Level 6.2 Dodging
 + Level 6.2 Stealth
 * Level 6.2 Shields


You had 8 spell levels left.
You didn't know any spells.
Your spell library contained the following spells:

 Spells                   Type           Power        Failure   Level
 Shock                    Conj/Air       0%           73%         1
 Sting                    Tmut/Pois      0%           73%         1
 Summon Lightning Spire   Summ/Air       0%           100%        4
 Alistair's Intoxication  Tmut/Pois      0%           100%        5
 Conjure Ball Lightning   Conj/Air       0%           100%        6


Dungeon Overview and Level Annotations

Branches:
Dungeon (7/15)             Temple (1/1) D:4          Bailey (1/1)

Altars:
Ashenzari
Cheibriados
Dithmenos
Elyvilon
Fedhas
Gozag
Hepliaklqana
Kikubaaqudgha
Nemelex Xobeh
Okawaru
Qazlal
Ru
Sif Muna
Trog
Uskayaw
Vehumet
Wu Jian
Xom
Yredelemnul
Zin
The Shining One

Annotations:
D:7 1 transporter, dtburroughs's ghost, novice MiBe


Innate Abilities, Weirdness & Mutations

You cannot wear most types of armour.
You are very stealthy in the water. (Stealth+)
You are amphibious.
You can wear up to eight rings at the same time.
You can use your tentacles to constrict eight enemies at once.
Your skin changes colour to match your surroundings (Stealth+).
Your rubbery body absorbs attacks. (AC +1, EV +1)
You are partially covered in molten scales. (AC +2)


Message History

You slice the gnoll sergeant!!
You kill the gnoll sergeant!
The gnoll hits you but does no damage. The gnoll sergeant misses you.
The gnoll becomes distracted by the nearby gold, dreaming of imaginary riches.
The gnoll shouts!
There is an open door here.
Items here: $ ( )) [[.
You slash the gnoll! You grab the gnoll.
The gnoll is heavily wounded.
You constrict the gnoll, but do no damage.
You block the gnoll's attack.
You barely miss the gnoll sergeant. You grab the gnoll sergeant.
You squeeze the gnoll sergeant, but do no damage.
You constrict the gnoll, but do no damage.
You constrict the gnoll sergeant, but do no damage.
The gnoll is no longer distracted by gold.
The gnoll sergeant hits you with a +0 glaive!
You die...
Your body crumbles into a pile of gold.

♣≈≈...#############)..≈≈♣
.≈..# .......8.##...≈♣
.≈..# ..........##..≈♣
.≈..# gg.........#..≈♣
.≈..# #####.....#..≈♣
.≈..# ##...##..$.#..≈♣
.≈..# #.....###$##..≈♣
....+ ......g#.$)...≈♣
....+ ...8..g@$.(.).≈♣
....+ ......g#..)...≈♣
.≈..######.....###$##..≈♣
.≈..#.'..##...##....#..≈♣
.≈..#.#...#####.....#..≈♣
.≈..#.#....)).......#..≈♣
.≈..#.#....)#..)...##..≈♣
.≈..###.8...#...8.##...≈♣
♣≈≈...#############...≈≈♣


You could see a gnoll sergeant and 2 gnolls.

Vanquished Creatures
  Grinder (D:5)
  Prince Ribbit (D:5)
  Menkaure (D:5)
  3 sky beasts
  A black bear (D:6)
  A necrophage (D:5)
  6 ogres
  2 centaurs (D:6)
  7 gnoll sergeants (Bailey)
  2 bullfrogs
  A scorpion (D:5)
  5 gnoll shamans (Bailey)
  2 bullfrog zombies
  2 hounds (Bailey)
  2 jellies
  A bullfrog skeleton (D:7)
  Crazy Yiuf (D:3)
  A centaur skeleton (D:4)
  Ijyb (D:5)
  5 worker ants
  A hound zombie (D:5)
  15 gnolls
  8 adders
  2 shadow imps
  An ufetubus (D:6)
  An ooze (D:5)
  An adder zombie (D:5)
  2 worms
  2 dart slugs
  3 leopard geckos
  8 orcs
  10 giant cockroaches
  10 hobgoblins
  6 jackals
  6 quokkas
  2 ball pythons (D:2)
  6 bats
  2 frilled lizards
  6 goblins
  A jackal skeleton (D:5)
  13 kobolds
  A quokka skeleton (D:6)
  7 rats
160 creatures vanquished.

Vanquished Creatures (others)
  2 fungi (D:3)
2 creatures vanquished.

Grand Total: 162 creatures vanquished

Notes
Turn   | Place    | Note
-------+----------+-------------------------------------------
     0 | D:1      | Tirrikindir the Octopode Fighter began the quest for the
                  | Orb.
     0 | D:1      | Reached XP level 1. HP: 16/16 MP: 1/1
   274 | D:1      | Reached XP level 2. HP: 21/21 MP: 2/2
   420 | D:1      | Reached skill level 1 in Stealth
   768 | D:1      | Reached XP level 3. HP: 26/26 MP: 3/3
   935 | D:2      | Found a glowing silver altar of Zin.
  1082 | D:2      | Found a blossoming altar of Fedhas.
  1131 | D:2      | Found a broken altar of Ashenzari.
  1437 | D:2      | Reached XP level 4. HP: 20/31 MP: 4/4
  1440 | D:2      | Reached skill level 3 in Long Blades
  2029 | D:2      | You fall into a shaft and drop 1 floor!
  2291 | D:3      | Reached XP level 5. HP: 36/36 MP: 5/5
  2429 | D:3      | Found a glowing golden altar of the Shining One.
  2762 | D:3      | Found a runed translucent door.
  2763 | D:3      | Noticed Crazy Yiuf
  2768 | D:3      | Killed Crazy Yiuf
  2950 | D:4      | Noticed an ogre
  2962 | D:4      | Killed an ogre
  2963 | D:4      | Reached XP level 6. HP: 23/43 MP: 6/6
  3122 | D:4      | Reached skill level 4 in Long Blades
  3452 | D:4      | Found a staircase to the Ecumenical Temple.
  3466 | D:4      | Identified Caripe's Almanac of Poison and Flight
  3473 | Temple   | Entered the Ecumenical Temple
  3644 | Temple   | Became a worshipper of Gozag Ym Sagoz the Greedy
  3912 | D:4      | Reached XP level 7. HP: 48/48 MP: 7/7
  4097 | D:5      | Entered Level 5 of the Dungeon
  4136 | D:5      | Reached skill level 5 in Long Blades
  4253 | D:5      | Noticed Menkaure
  4254 | D:5      | Noticed Grinder
  4263 | D:5      | Killed Menkaure
  4264 | D:5      | Reached skill level 6 in Long Blades
  4268 | D:5      | Paralysed by Grinder for 6 turns
  4269 | D:5      | Reached skill level 7 in Long Blades
  4279 | D:5      | Killed Grinder
  4280 | D:5      | Reached XP level 8. HP: 30/54 MP: 8/8
  4300 | D:5      | Reached skill level 8 in Long Blades
  4579 | D:5      | Noticed Ijyb
  4591 | D:5      | Killed Ijyb
  4616 | D:5      | Noticed Prince Ribbit
  4638 | D:5      | Killed Prince Ribbit
  5025 | D:6      | Reached skill level 5 in Dodging
  5025 | D:6      | Reached skill level 5 in Shields
  5025 | D:6      | Reached XP level 9. HP: 51/59 MP: 9/9
  5079 | D:6      | Reached skill level 5 in Stealth
  5132 | D:6      | Gained mutation: You possess an exceptional clarity of
                  | mind. [potion of mutation]
  5132 | D:6      | Lost mutation: You possess an exceptional clarity of mind.
                  | [potion of mutation]
  5132 | D:6      | Gained mutation: You are partially covered in molten
                  | scales. (AC +2) [potion of mutation]
  5202 | D:6      | Found an opulent altar of Gozag.
  6174 | D:7      | Noticed dtburroughs's ghost (novice MiBe)
  6175 | D:7      | Found a transporter.
  6221 | D:7      | Reached skill level 9 in Long Blades
  6229 | D:7      | Found a flagged portal.
  6261 | Bailey   | Entered a bailey
  6404 | Bailey   | Reached skill level 5 in Fighting
  6989 | Bailey   | Slain by a gnoll sergeant

Illustrated notes

Levels and vault maps discovered:
D:1:      wander_arrival_estate, layout_basic,
          wander_ebering_terrifying_dragon_lair
D:2:      mumra_celtic_spiral_tile, layout_loops_ring,
          nicolae_ashenzari_panopticon, lemuel_round_altar, zin_statuary,
          serial_glass, glass_columns_c, glass_columns_a
D:3:      layout_rooms, nicolae_overflow_crystal_walls, uniq_crazy_yiuf_cottage
D:4:      layout_gridville, minmay_temple_entry_offerings, feat_on_display
D:5:      layout_cave_pools, minmay_misc_feat_alley, uniq_grinder,
          uniq_menkaure, uniq_ijyb, uniq_prince_ribbit1
D:6:      layout_loops_ring, nicolae_gozag_seed_capital
D:7:      layout_basic, gammafunk_ghost_mausoleum, enter_bailey_4
Temple:   minmay_crystal_spiral_temple
Bailey:   bailey_polearm_gnolls_kennysheep, bailey

Skill      XL: |  1  2  3  4  5  6  7  8  9 |
---------------+----------------------------+-----
Stealth        | 1 2 3 4 6 |  6.2
Long Blades    | 3 4 7 8 9 |  9.4
Fighting       | 4 5 |  5.2
Dodging        | 4 5 6 |  6.2
Shields        | 4 5 6 |  6.2

Action                   |  1- 3 |  4- 6 |  7- 9 || total
-------------------------+-------+-------+-------++-------
Melee: Long sword        |    56 |    95 |   241 ||   392
       Constrict         |    18 |    27 |    58 ||   103
       Tentacles         |    12 |    20 |    64 ||    96
Throw: Dart              |       |       |    13 ||    13
  Use: Scroll            |     3 |    12 |     4 ||    19
       Potion            |       |     1 |     5 ||     6
 Stab: Sleeping          |     2 |    16 |    10 ||    28
       Invisible         |       |     1 |       ||     1
       Distracted        |       |       |     1 ||     1
Armor: Skin              |     6 |    11 |    51 ||    68
Dodge: Dodged            |    27 |    43 |   138 ||   208
Block: Kite shield       |    22 |    46 |   145 ||   213
       Rpst.: Long sword |     8 |    18 |    31 ||    57
